 Dungeon Crawl Stone Soup version 0.25-a0-277-g7046ed1b37 (webtiles) character file.

Game seed: 2027472716560391893, levelgen mode: deterministic

96 Goblin1989 the Magician (level 4, -19/32 HPs)
             Began as a Gnoll Wizard on Dec 9, 2019.
             Was an Initiate of Vehumet.
             Engulfed by a cloud of flame (22 damage)
             ... on level 3 of the Dungeon.
             The game lasted 00:05:53 (1976 turns).

Goblin1989 the Magician (Gnoll Wizard)              Turns: 1976, Time: 00:05:54

Health: -19/32     AC:  2    Str: 10    XL:     4   Next: 67%
Magic:  13/13      EV: 14    Int: 21    God:    Vehumet [......]
Gold:   120        SH:  0    Dex: 13    Spells: 12/17 levels left

rFire    . . .     SeeInvis .   p - +0 dagger
rCold    . . .     Gourm    .   (no shield)
rNeg     . . .     Faith    .   a - +0 robe
rPois    .         Spirit   .   b - +0 hat
rElec    .         Reflect  .   (no cloak)
rCorr    .         Harm     .   (no gloves)
MR       .....                  (no boots)
Stlth    +++.......             f - amulet of magic regeneration (curse)
HPRegen  0.10/turn              (no ring)
MPRegen  0.38/turn              (no ring)

@: no status effects
A: distributed training, fangs 1, strong nose
a: Renounce Religion


You were on level 3 of the Dungeon.
You worshipped Vehumet.
Vehumet was noncommittal.
You were not hungry.

You visited 1 branch of the dungeon, and saw 3 of its levels.

You collected 120 gold pieces.

Inventory:

Hand Weapons
 p - a +0 dagger (weapon)
Missiles
 o - 45 stones (quivered) {@Q3}
Armour
 a - a +0 robe (worn)
 b - a +0 hat (worn)
Jewellery
 f - a cursed amulet of magic regeneration (around neck)
Scrolls
 g - a scroll of fear {unknown}
 h - 3 scrolls of identify {unknown}
 i - a scroll of noise {unknown}
 s - 4 scrolls of remove curse {unknown}
Potions
 j - a potion of haste {unknown}
 k - a potion of invisibility {unknown}
 l - a potion of degeneration {unknown}
 m - a potion of agility {unknown}
 r - 2 potions of curing {unknown}
 t - a potion of might {unknown}
 u - a potion of brilliance {unknown}
Comestibles
 e - 6 rations


   Skills:
 + Level 1.2 Fighting
 + Level 1.2 Short Blades
 + Level 1.2 Long Blades
 + Level 1.2 Axes
 + Level 1.2 Maces & Flails
 + Level 1.2 Polearms
 + Level 1.2 Staves
 + Level 1.2 Slings
 + Level 1.2 Bows
 + Level 1.2 Crossbows
 + Level 1.2 Throwing
 + Level 1.2 Armour
 + Level 4.6 Dodging
 + Level 4.3 Stealth
 + Level 1.2 Shields
 + Level 1.2 Unarmed Combat
 + Level 7.2 Spellcasting
 + Level 2.2 Conjurations
 + Level 1.0 Hexes
 + Level 1.0 Charms
 + Level 2.2 Summonings
 + Level 1.0 Necromancy
 + Level 2.2 Translocations
 + Level 1.0 Transmutations
 + Level 1.0 Fire Magic
 + Level 1.0 Ice Magic
 + Level 1.0 Air Magic
 + Level 1.0 Earth Magic
 + Level 1.0 Poison Magic
 + Level 1.3 Invocations
 + Level 1.2 Evocations


You had 12 spell levels left.
You knew the following spells:

 Your Spells              Type           Power        Failure   Level  Hunger
a - Magic Dart            Conj           ###.         3%          1    None
b - Call Imp              Summ           ###.....     4%          2    None
d - Blink                 Tloc           N/A          4%          2    None

Your spell library contained the following spells:

 Spells                   Type           Power        Failure   Level  Hunger
 Slow                     Hex            ##......     9%          2    None
 Conjure Flame            Conj/Fire      ##......     13%         3    None
 Mephitic Cloud           Conj/Pois/Air  ##......     14%         3    None


Dungeon Overview and Level Annotations

Branches:
Dungeon (3/15)

Altars:
Vehumet


Innate Abilities, Weirdness & Mutations

Your experience applies equally to all skills.
You have very sharp teeth.
Your uncanny sense of smell can sniff out nearby items.


Message History

A leopard gecko is nearby!
The leopard gecko hisses angrily.
The leopard gecko barely misses you.
You barely miss the leopard gecko. The leopard gecko bites you.
You take 2 damage, and have 30/32 hp.
You barely miss the leopard gecko. The leopard gecko misses you.
You hit the leopard gecko.
You bite the leopard gecko, but do no damage.
The leopard gecko is severely wounded.
The leopard gecko bites you.
You take 3 damage, and have 27/32 hp.
You hit the leopard gecko but do no damage.
The leopard gecko is severely wounded.
The leopard gecko misses you.
You barely miss the leopard gecko.
The leopard gecko is severely wounded.
The leopard gecko barely misses you. The leopard gecko bites you.
You take 1 damage, and have 26/32 hp.
You closely miss the leopard gecko.
The leopard gecko is severely wounded.
The leopard gecko barely misses you.
You hit the leopard gecko.
You kill the leopard gecko!
No target in view!
No target in view!
No target in view!
No target in view!
No target in view!
No target in view!
No target in view!
No target in view!
No target in view!
No target in view!
Your magical contamination has completely faded away.
Found a stone staircase leading down.
Health restored: 32
There is an escape hatch in the floor here.
You butcher the giant cockroach corpse.
v - 2 chunks of flesh
r - 2 emerald potions (gained 1) Eating one of 2 chunks of flesh.
You eat one of the 2 chunks of flesh.
This raw flesh tastes terrible.
Done exploring.
Done exploring.
Done exploring.
Done exploring.
Saving game... please wait.
Welcome back, Goblin1989 the Gnoll Wizard.
Press ? for a list of commands and other information.
(D) Dungeon
Where to? (? - help)
There is a stone staircase leading down here.
You climb downwards.
There is a stone staircase leading up here.
A goblin comes into view.
The goblin shouts!
Cast which spell? (? or * to list)
Aiming: Magic Dart (safe; 3% risk of failure)
Press: ? - help, Shift-Dir - straight line, f - goblin
Aim: a goblin The magic dart hits the goblin.
You kill the goblin!
You now have 12/13 mp.
Casting: Magic Dart (safe; 3% risk of failure)
Confirm with . or Enter, or press ? or * to list all spells.
You can't see any susceptible monsters within range! (Use Z to cast anyway.) Unknown command.
Magic restored.
Found a stone staircase leading up.
MP restored: 13 All of the chunks of flesh in your inventory have rotted away.
Found a stone staircase leading down.
There is a stone staircase leading down here.
Found a radiant altar of Vehumet.
There is a stone staircase leading down here.
A frilled lizard comes into view.
You see here a club.
A frilled lizard is nearby!
(D) Dungeon
Where to? (Enter - D:3 @ (x,y), ? - help)
There is a stone staircase leading down here.
Really walk into a travel-excluded area?
Okay, then.
Really walk into a travel-excluded area?
Casting: Magic Dart (safe; 3% risk of failure)
Confirm with . or Enter, or press ? or * to list all spells.
You can't see any susceptible monsters within range! (Use Z to cast anyway.)
Casting: Magic Dart (safe; 3% risk of failure)
Confirm with . or Enter, or press ? or * to list all spells.
You can't see any susceptible monsters within range! (Use Z to cast anyway.)
There is a radiant altar of Vehumet here.
You kneel at the altar of Vehumet.
Vehumet welcomes you!
You are engulfed in blazing flames.
Ouch! That really hurt!
* * * LOW HITPOINT WARNING * * *
You take 29 damage, and have 3/32 hp.
MASSIVE DAMAGE!!
You are engulfed in blazing flames.
Ouch! That really hurt!
You die...

.█ ∆ .█ .██████.█.
..........
..████████
..████████████████
......██.........█
..███.██>██████..██
..█ █.██.█ █...@.█
.██ █.██.█ █☼..§.█
.█ █.██.█ █..⌂..█
.█ █....█ █..○☼..█
██


██████ █..§....... ██.....████ ███████ There were no monsters in sight!

Vanquished Creatures
  A gnoll (D:2)
  3 adders (D:2)
  An ooze (D:1)
  A leopard gecko (D:2)
  A bat (D:2)
  2 giant cockroaches (D:2)
  2 hobgoblins (D:1)
  2 jackals (D:2)
  3 quokkas (D:2)
  A ball python (D:2)
  A frilled lizard (D:1)
  3 goblins
  6 kobolds
  5 rats (D:2)
32 creatures vanquished.

Vanquished Creatures (collateral kills)
  3 gnolls (D:2)
  An adder (D:2)
  A worm (D:2)
  A ball python (D:2)
  A rat (D:2)
7 creatures vanquished.

Grand Total: 39 creatures vanquished

Notes
Turn   | Place    | Note
-------+----------+-------------------------------------------
     0 | D:1      | Goblin1989 the Gnoll Wizard began the quest for the Orb.
     0 | D:1      | Reached XP level 1. HP: 13/13 MP: 8/8
   339 | D:1      | Reached XP level 2. HP: 19/19 MP: 3/10
   497 | D:1      | Learned a level 2 spell: Call Imp
   500 | D:1      | Learned a level 2 spell: Blink
   905 | D:2      | Reached XP level 3. HP: 19/25 MP: 6/11
  1143 | D:2      | Reached skill level 1 in Invocations
  1326 | D:2      | Reached skill level 1 in Fighting
  1326 | D:2      | Reached skill level 1 in Short Blades
  1326 | D:2      | Reached skill level 1 in Long Blades
  1326 | D:2      | Reached skill level 1 in Axes
  1326 | D:2      | Reached skill level 1 in Maces & Flails
  1326 | D:2      | Reached skill level 1 in Polearms
  1326 | D:2      | Reached skill level 1 in Staves
  1326 | D:2      | Reached skill level 1 in Slings
  1326 | D:2      | Reached skill level 1 in Bows
  1326 | D:2      | Reached skill level 1 in Crossbows
  1326 | D:2      | Reached skill level 1 in Throwing
  1326 | D:2      | Reached skill level 1 in Armour
  1326 | D:2      | Reached skill level 1 in Shields
  1326 | D:2      | Reached skill level 1 in Unarmed Combat
  1326 | D:2      | Reached skill level 1 in Evocations
  1327 | D:2      | Reached XP level 4. HP: 32/32 MP: 7/13
  1655 | D:2      | Reached skill level 1 in Hexes
  1655 | D:2      | Reached skill level 1 in Charms
  1655 | D:2      | Reached skill level 1 in Necromancy
  1655 | D:2      | Reached skill level 1 in Transmutations
  1655 | D:2      | Reached skill level 1 in Fire Magic
  1655 | D:2      | Reached skill level 1 in Ice Magic
  1655 | D:2      | Reached skill level 1 in Air Magic
  1655 | D:2      | Reached skill level 1 in Earth Magic
  1655 | D:2      | Reached skill level 1 in Poison Magic
  1809 | D:2      | Upgraded the game from 0.25-a0-265-g7af84ae0ac to
                  | 0.25-a0-277-g7046ed1b37
  1911 | D:3      | Found a radiant altar of Vehumet.
  1974 | D:3      | Became a worshipper of Vehumet
  1976 | D:3      | Engulfed by a cloud of flame

Levels and vault maps discovered:
D:1:      psy_arrival_whirlpool, layout_loops_ring
D:2:      layout_basic
D:3:      layout_loops_ring, fiery_altar_vehumet,
          chequers_ecumenical_altar_lobes, kennysheep_generic_room_12

Skill      XL: |  1  2  3  4 |
---------------+-------------+-----
Conjurations   | 2 |  2.2
Summonings     | 2 |  2.2
Translocations | 2 |  2.2
Invocations    | 1 |  1.3
Fighting       | 1 |  1.2
Short Blades   | 1 |  1.2
Long Blades    | 1 |  1.2
Axes           | 1 |  1.2
Maces & Flails | 1 |  1.2
Polearms       | 1 |  1.2
Staves         | 1 |  1.2
Slings         | 1 |  1.2
Bows           | 1 |  1.2
Crossbows      | 1 |  1.2
Throwing       | 1 |  1.2
Armour         | 1 |  1.2
Shields        | 1 |  1.2
Unarmed Combat | 1 |  1.2
Evocations     | 1 |  1.2
Hexes          | 1 |  1.0
Charms         | 1 |  1.0
Necromancy     | 1 |  1.0
Transmutations | 1 |  1.0
Fire Magic     | 1 |  1.0
Ice Magic      | 1 |  1.0
Air Magic      | 1 |  1.0
Earth Magic    | 1 |  1.0
Poison Magic   | 1 |  1.0
Dodging        | |  4.6
Stealth        | |  4.3
Spellcasting   | |  7.2

Action                   |  1- 3 |  4- 6 || total
-------------------------+-------+-------++-------
Melee: Dagger            |    15 |    15 ||    30
       Bite              |       |     1 ||     1
 Cast: Magic Dart        |    43 |    18 ||    61
       Call Imp          |     5 |     4 ||     9
 Stab: Sleeping          |     2 |       ||     2
  Eat: Chunk             |     1 |     2 ||     3
Dodge: Dodged            |    12 |    11 ||    23

Table legend:
 A = Non-vault XP
 B = Vault XP
 C = Vault XP percentage of total XP
 D = Non-vault monster count
 E = Vault monster count
 F = Vault count percentage of total count
                 A         B        C        D         E       F
            +---------+---------+-------+---------+---------+-------
      Total |     138 |       0 |   0.0 |      39 |       0 |   0.0
            +---------+---------+-------+---------+---------+-------
        D:1 |      16 |       0 |   0.0 |       8 |       0 |   0.0
        D:2 |     120 |       0 |   0.0 |      30 |       0 |   0.0
        D:3 |       2 |       0 |   0.0 |       1 |       0 |   0.0
            +---------+---------+-------+---------+---------+-------

Levels and vault maps discovered:
D:1:      psy_arrival_whirlpool, layout_loops_ring
D:2:      layout_basic
D:3:      layout_loops_ring, fiery_altar_vehumet,
          chequers_ecumenical_altar_lobes, kennysheep_generic_room_12
